 Dungeon Crawl Stone Soup version 0.31-a0-848-gaac375c287 (webtiles) character file.

Game seed: 15223561451571463510

506 Dittersdorf the Shield-Bearer (level 7, -1/44 HPs)
             Began as a Gargoyle Fighter on Oct 4, 2023.
             Was an Initiate of Okawaru.
             Slain by a gnoll
             ... wielding a +0 spear
             ... led by a gnoll bouda
              (4 damage)
             ... on level 5 of the Dungeon.
             The game lasted 00:08:05 (4981 turns).

Dittersdorf the Shield-Bearer (Gargoyle Fighter)    Turns: 4981, Time: 00:08:06

Health: -1/44      AC: 15    Str: 22    XL:     7   Next: 18%
Magic:  16/16      EV:  8    Int:  8    God:    Okawaru [......]
Gold:   166        SH:  4    Dex:  9    Spells: 6/6 levels left

rFire   . . .        a - +0 flail
rCold   . . .        c - +0 buckler
rNeg    + . .        i - +0 chain mail
rPois   ∞            (no helmet)
rElec   +            (no cloak)
rCorr   .            f - +0 pair of gloves
SInv    .            (no boots)
Will    .....        (no amulet) Stlth
                     j - ring of magical power
HPRegen 0.27/turn    (no ring)
MPRegen 0.15/turn

%: no passive effects
@: studying Maces & Flails
A: sickness immunity, AC +4, negative energy resistance 1, electricity
resistance, torment resistance 1, petrification resistance
a: Renounce Religion


You were on level 5 of the Dungeon.
You worshipped Okawaru.
Okawaru was noncommittal.
You visited 2 branches of the dungeon, and saw 6 of its levels.

You collected 166 gold pieces.

Inventory:

Hand Weapons
 a - a +0 flail (weapon)
Armour
 c - a +0 buckler (worn)
 f - a +0 pair of gloves (worn)
 i - a +0 chain mail (worn)
 p - a +0 plate armour
Jewellery
 j - a ring of magical power (left hand)
Wands
 e - a wand of paralysis (12)
 o - a wand of flame (27)
Scrolls
 b - a scroll of teleportation
 k - a scroll of noise {unknown}
Potions
 d - a potion of might
 g - 2 potions of degeneration {unknown}
 h - a potion of mutation {unknown}
 l - a potion of enlightenment {unknown}
 n - a potion of heal wounds
 q - a potion of haste
 s - a potion of resistance


   Skills:
 + Level 5.1 Fighting
 + Level 4.1 Maces & Flails
 + Level 5.1 Armour
 + Level 5.2 Shields


You had 6 spell levels left.
You didn't know any spells.
Your spell library contained the following spells:

 Spells                   Type           Power      Damage    Failure   Level
 Magic Dart               Conj           0%         1d3       97%         1
 Blink                    Tloc           0%         N/A       99%         2
 Lesser Beckoning         Tloc           0%         N/A       99%         2
 Momentum Strike          Conj/Tloc      0%         3d8       99%         2
 Static Discharge         Conj/Air       0%         2-2/arc   99%         2
 Mephitic Cloud           Conj/Pois/Air  0%         N/A       100%        3
 Airstrike                Air            0%         2d(0-16)  100%        4
 Conjure Ball Lightning   Conj/Air       0%         3x3d6     100%        6
 Discord                  Hex            0%         N/A       100%        8
 Disjunction              Tloc           0%         N/A       100%        8
 Call Imp                 Summ           Unusable   N/A       N/A         2
 Summon Lightning Spire   Summ/Air       Unusable   N/A       N/A         4

Dungeon Overview and Level Annotations

Branches:
Dungeon (5/15)             Temple (1/1) D:5

Altars:
Ashenzari
Cheibriados
Dithmenos
Elyvilon
Fedhas
Gozag
Hepliaklqana
Kikubaaqudgha
Makhleb
Nemelex Xobeh
Okawaru
Qazlal
Ru
Sif Muna
Trog
Uskayaw
Vehumet
Wu Jian
Xom
Yredelemnul
Zin
The Shining One

Shops:
D:3 (


Innate Abilities, Weirdness & Mutations

You are immune to sickness and miasma.
Your stone body is resilient. (AC +4)
You are immune to poison.
You resist negative energy. (rN+)
You are resistant to electric shocks. (rElec)
You are resistant to unholy torment.
You are immune to petrification.


Message History

You are too injured to fight recklessly!
You are too injured to fight recklessly!
You are too injured to fight recklessly!
You completely miss the gnoll.
The gnoll is moderately wounded.
The gnoll hits you with a +0 spear. The gnoll hits you with a +0 flail!
* * * LOW HITPOINT WARNING * * *
The gnoll hits you but does no damage. x2; The gnoll closely misses you.
You completely miss the gnoll.
The gnoll is moderately wounded.
The gnoll hits you but does no damage. The gnoll barely misses you.
The gnoll hits you but does no damage.
You barely miss the gnoll.
The gnoll is moderately wounded.
The gnoll barely misses you.
The gnoll hits you but does no damage. x2
You block the gnoll's attack. The gnoll hits you but does no damage.
The gnoll attacks as it pursues you! The gnoll barely misses you.
The gnoll closely misses you. You block the gnoll's attack.
The gnoll attacks as it pursues you! The gnoll hits you but does no damage.
The gnoll hits you from afar with a +0 spear.
* * * LOW HITPOINT WARNING * * *
You block the gnoll's attack. The gnoll attacks as it pursues you!
The gnoll hits you but does no damage.
The gnoll is no longer moving quickly.
The gnoll hits you with a +0 flail.
* * * LOW HITPOINT WARNING * * *
The gnoll attacks as it pursues you!
The gnoll hits you from afar with a +0 spear.
* * * LOW HITPOINT WARNING * * *
The gnoll attacks as it pursues you! The gnoll completely misses you.
The gnoll is no longer moving quickly.
The gnoll attacks as it pursues you! The gnoll hits you but does no damage.
The gnoll closely misses you. The gnoll attacks as it pursues you!
The gnoll hits you but does no damage.
The gnoll is no longer moving quickly.
The gnoll attacks as it pursues you! The gnoll hits you but does no damage.
The gnoll hits you with a +0 flail.
* * * LOW HITPOINT WARNING * * *
The gnoll attacks as it pursues you!
The gnoll hits you from afar with a +0 spear.
You die...

#.......# #.......##### #.......#
#.......##... . ##.....##
#^.....###.## .. ##.....##
#..........# ... #.......#
###......##### g... #...!...##
##........#
.....#......g.####..#......######
.....)).....#..g........###...#..
..###..#.....gg.@........#......)
.....###.....................<.
..#...#.........................
...#.............................
#.....................>..........
#.............................##.
#.#.......................#.#####
..#.........................####
....................[....#.....##


You could see 4 gnolls.

Vanquished Creatures
  A black bear (D:4)
  A scorpion (D:4)
  A hound (D:5)
  An orc priest (D:3)
  A jelly (D:4)
  A gnoll bouda (D:5)
  Ijyb (D:3)
  An iguana (D:4)
  An orc wizard (D:4)
  A gnoll (D:5)
  2 adders
  2 worms
  15 orcs
  13 endoplasms
  4 giant cockroaches
  14 hobgoblins
  5 jackals
  4 quokkas
  7 ball pythons
  5 bats
  2 frilled lizards (D:1)
  9 goblins
  8 kobolds
  8 rats
108 creatures vanquished.

Notes
Turn   | Place    | Note
-------+----------+-------------------------------------------
     0 | D:1      | Dittersdorf the Gargoyle Fighter began the quest for the
                  | Orb.
     0 | D:1      | Reached XP level 1. HP: 14/14 MP: 1/1
   132 | D:1      | Reached XP level 2. HP: 13/19 MP: 2/2
   633 | D:1      | Reached XP level 3. HP: 23/23 MP: 3/3
  1211 | D:2      | Reached XP level 4. HP: 29/29 MP: 4/4
  1910 | D:3      | Found Peimnie's Weapon Shoppe.
  2383 | D:3      | Noticed Ijyb
  2486 | D:3      | Killed Ijyb
  2820 | D:3      | Reached XP level 5. HP: 27/33 MP: 5/5
  3396 | D:4      | Noticed a black bear
  3410 | D:4      | Killed a black bear
  3411 | D:4      | Reached XP level 6. HP: 28/39 MP: 6/6
  3908 | D:4      | Reached skill level 5 in Shields
  4082 | D:4      | Reached skill level 5 in Armour
  4350 | D:5      | Entered Level 5 of the Dungeon
  4363 | D:5      | Reached skill level 5 in Fighting
  4363 | D:5      | Reached XP level 7. HP: 36/44 MP: 7/7
  4425 | D:5      | Identified a scroll of acquirement
  4425 | D:5      | Acquired a manual of Maces & Flails
  4679 | D:5      | Found a staircase to the Ecumenical Temple.
  4688 | Temple   | Entered the Ecumenical Temple
  4702 | Temple   | Became a worshipper of Warmaster Okawaru
  4877 | D:5      | Found a hazy altar of Hepliaklqana.
  4981 | D:5      | Slain by a gnoll

Illustrated notes

Levels and vault maps discovered:
D:1:      dpeg_arrival_renting, layout_loops_ring
D:2:      layout_basic
D:3:      layout_basic, serial_shops, nicolae_shop_just_a_little_nook,
          minmay_puff, uniq_ijyb
D:4:      layout_basic
D:5:      layout_rooms, mainiacjoe_overflow_catwalk, minmay_temple_entry_trees,
          sigmund_army
Temple:   mainiacjoe_temple_circle_huts

Skill      XL: |  1  2  3  4  5  6 |
---------------+-------------------+-----
Shields        | 4 5 |  5.2
Armour         | 4 5 |  5.1
Fighting       | 4 5 |  5.1
Maces & Flails | 3 4 |  4.1

Action                     |  1- 3 |  4- 6 |  7- 9 || total
---------------------------+-------+-------+-------++-------
  Melee: Flail             |   141 |   261 |    52 ||   454
         Unarmed           |       |     3 |       ||     3
    Use: Scroll            |       |       |    10 ||    10
 Armour: Scale mail        |   100 |       |       ||   100
         Chain mail        |     4 |   220 |    76 ||   300
         Skin              |       |    14 |       ||    14
  Dodge: Dodged            |    64 |   105 |    40 ||   209
  Block: Buckler           |    22 |    73 |    19 ||   114

Table legend: (Time is in decaauts)
 A = Elapsed time spent in this place.
 B = Non-inter-level travel time spent in this place.
 C = Inter-level travel time spent in this place.
 D = Time resting spent in this place.
 E = Time spent auto-exploring this place.
 F = Levels seen in this place.
 G = Mean time per level.
                   A        B        C        D        E       F      G
               +--------+--------+--------+--------+--------+-----+--------+
         Total |   5108 |   4906 |    202 |    987 |   2809 |   6 |  851.3 |
       Dungeon |   5083 |   4902 |    181 |    987 |   2809 |   5 | 1016.6 |
        Temple |     25 |      4 |     21 |      0 |      0 |   1 |   25.0 |
               +--------+--------+--------+--------+--------+-----+--------+

Top non-repeatable levels by time:
     D:4: 1527 daAuts
     D:3: 1302 daAuts
     D:1: 956 daAuts
     D:2: 797 daAuts
     D:5: 499 daAuts
  Temple: 25 daAuts
